 Dungeon Crawl Stone Soup version 0.19-a0-1170-g18f0c96 (webtiles) character file.

1379 epen the Martial Artist (level 8, -2/97 HPs)
             Began as a Merfolk Monk on Aug 16, 2016.
             Splashed by a jelly's acid (5 damage)
             ... on level 5 of the Dungeon.
             The game lasted 00:09:14 (7272 turns).

epen the Martial Artist (Merfolk Monk)              Turns: 7272, Time: 00:09:16

Health: -2/97      AC:  8    Str: 11    XL:     8   Next: 66%
Magic:  8/8        EV:  2    Int: 11    God:
Gold:   384        SH:  0    Dex: 17    Spells: 0 memorised, 7 levels left

rFire  . . .     SeeInvis .       - Unarmed
rCold  . . .     Gourm    .     (armour currently unavailable)
rNeg   + + +     Faith    .     (no shield)
rPois  +         Spirit   .     (helmet currently unavailable)
rElec  .         Dismiss  .     (cloak currently unavailable)
rCorr  .         Reflect  .     (gloves currently unavailable)
MR     .....     Harm     .     (boots currently unavailable)
Stlth  +++....... NoTele   +    (no amulet)
                                (no ring)
                                (no ring)

@: tree-form, corroded
A: (change form in water), (swift swim)
a: no special abilities


You were on level 5 of the Dungeon.
You were hungry.
You were a tree.
You visited 1 branch of the dungeon, and saw 6 of its levels.
You also visited: Sewer.

You collected 384 gold pieces.

Inventory:

Missiles
 y - a throwing net (quivered)
Armour
 a - a +0 robe (melded)
Magical Staves
 d - an uncursed staff of poison
Wands
 k - a wand of lightning (5/15)
 p - a wand of acid (7/15)
 u - a wand of enslavement (6/24)
Scrolls
 l - a scroll of enchant weapon {unknown}
 m - 2 scrolls of identify
 s - a scroll of silence {unknown}
Potions
 e - 2 potions of curing
 h - a potion of brilliance
 j - a potion of heal wounds {unknown}
 n - 2 potions of invisibility {unknown}
 o - a potion of mutation {unknown}
 q - a potion of flight
 r - a potion of magic {unknown}
 w - a potion of resistance
 x - a potion of degeneration {unknown}
Books
 t - a book of Fire

   Spells                             Type                      Level
   a - Ignite Poison                  Fire/Transmutation/Poison    3
   b - Fireball                       Conjuration/Fire             5
   c - Bolt of Fire                   Conjuration/Fire             6
   d - Delayed Fireball               Conjuration/Fire             7
   e - Ring of Flames                 Charms/Fire                  7
Comestibles
 b - 10 bread rations
 c - 19 fruits
 f - 2 meat rations
 g - 2 slices of pizza
 v - a royal jelly
 z - a chunk of flesh


   Skills:
 + Level 6.6 Fighting
 + Level 8.0 Dodging
 - Level 2.1 Stealth
 * Level 8.5 Unarmed Combat


You had 7 spell levels left.
You didn't know any spells.

Dungeon Overview and Level Annotations

Branches:
Dungeon (6/15)             Temple (0/1) D:5

Altars:
Ashenzari


Message History

The jelly is heavily wounded.
The jelly hits you.
You are splashed with acid!
The acid corrodes you!
The acid burns!
You hit the jelly but do no damage.
Your hands burn!
* * * LOW HITPOINT WARNING * * *
The jelly is heavily wounded.
The jelly barely misses you.
You are feeling hungry.
You hit the jelly but do no damage.
Your hands burn!
* * * LOW HITPOINT WARNING * * *
The jelly is heavily wounded.
The jelly hits you.
* * * LOW HITPOINT WARNING * * *
You are splashed with acid!
The acid corrodes you!
The acid burns!
* * * LOW HITPOINT WARNING * * *
There is a staircase to the Ecumenical Temple here.
You turn into a tree.
Your +0 robe melds into your body.
Your roots penetrate the ground.
You smack the jelly!
The acid corrodes you!
Your branches burn!
You die...

..#.# #.......#.#.## #.#.#
#.###.#.#.#.#.
#.#.#####.#.......#.#.
.............##.###.#.
#.#.#####......(...... #
#.#.# ####.<..###.#.
####.##.#.########.######.#.
........#.....)...........#.
#......J♣.......########.
####.##########.# ### ###


You could see a jelly.

Vanquished Creatures
  An ice beast (D:5)
  2 ogres (D:4)
  A centaur (D:6)
  A giant frog (D:6)
  3 howler monkeys
  A crimson imp (D:5)
  2 quasits (D:5)
  2 hounds (D:6)
  A jelly (D:5)
  2 orc priests
  6 orc wizards
  An iguana (D:5)
  Natasha (thrice) (D:3)
  4 worker ants (D:5)
  A hound skeleton (D:4)
  A worker ant zombie (D:6)
  8 adders
  An ooze (D:2)
  2 adder skeletons
  3 worms
  2 dart slugs (D:2)
  12 giant geckos
  22 orcs
  12 giant cockroaches
  3 hobgoblins
  2 jackals (D:6)
  4 quokkas
  3 ball pythons
  7 bats
  9 giant newts
  14 goblins
  A jackal skeleton (D:6)
  8 kobolds
  10 rats
155 creatures vanquished.

Notes
Turn   | Place    | Note
-------+----------+-------------------------------------------
     0 | D:1      | epen the Merfolk Monk began the quest for the Orb.
     0 | D:1      | Reached XP level 1. HP: 18/18 MP: 1/1
   162 | D:1      | Reached XP level 2. HP: 23/24 MP: 2/2
   553 | D:2      | Reached XP level 3. HP: 21/30 MP: 3/3
  1257 | D:2      | Reached XP level 4. HP: 31/37 MP: 4/4
  1403 | D:3      | Noticed Natasha
  1544 | D:3      | Reached skill level 5 in Dodging
  2223 | D:3      | Killed Natasha
  2223 | D:3      | Reached XP level 5. HP: 29/42 MP: 5/5
  2254 | D:3      | Noticed Natasha
  2264 | D:3      | Killed Natasha
  2343 | D:3      | Noticed Natasha
  2422 | D:2      | Reached skill level 5 in Unarmed Combat
  2553 | D:3      | Killed Natasha
  3124 | D:4      | Reached XP level 6. HP: 32/49 MP: 6/6
  3847 | D:4      | Reached skill level 5 in Fighting
  4043 | D:4      | Reached XP level 7. HP: 26/56 MP: 7/7
  4517 | D:5      | Entered Level 5 of the Dungeon
  5546 | D:5      | Found a shattered altar of Ashenzari.
  5576 | D:5      | Reached XP level 8. HP: 60/64 MP: 8/8
  5730 | D:5      | HP: 1/64 [ice beast (10)]
  5747 | D:5      | HP: 1/64 [ice beast (7)]
  6289 | D:6      | Found a glowing drain.
  6298 | Sewer    | Entered a sewer
  7248 | D:5      | Found a staircase to the Ecumenical Temple.
  7268 | D:5      | HP: 1/65 [acid (11)]
  7272 | D:5      | Splashed by a jelly's acid

Vault maps used:
D:1:      minmay_arrival_open_corners
D:2:      first_bread, serial_bayou_lagoon_a
D:3:      uniq_natasha
D:5:      basic_altar, hangedman_abyss_or_decor_stabs, minmay_misc_feat_chi
D:6:      portal_sewer_entry_d, st_stairs_8
Sewer:    sewer_frog_island_01

Skill      XL: |  1  2  3  4  5  6  7  8 |
---------------+-------------------------+-----
Unarmed Combat | 4 5 6 7 8 |  8.5
Fighting       | 4 5 6 |  6.6
Dodging        | 5 6 7 8 |  8.0
Stealth        | |  2.1

Action                   |  1- 3 |  4- 6 |  7- 9 || total
-------------------------+-------+-------+-------++-------
Melee: Unarmed           |   127 |   237 |   295 ||   659
       Punch             |     3 |     3 |    11 ||    17
       Tailslap          |       |     2 |     1 ||     3
Throw: Throwing net      |       |       |     1 ||     1
  Use: Scroll            |       |       |     9 ||     9
       Potion            |       |       |     7 ||     7
 Stab: Sleeping          |     2 |     4 |     6 ||    12
       Distracted        |       |     1 |     2 ||     3
  Eat: Chunk             |     1 |     9 |    10 ||    20
Armor: Robe              |    14 |    23 |    27 ||    64
       Skin              |       |       |    14 ||    14
Dodge: Dodged            |    78 |   200 |   224 ||   502
